 Dungeon Crawl Stone Soup version 0.29-a0-251-g80730f7218 (console) character file.

Game seed: 18247384643619571529

725 raelia the Thaumaturge (level 7, -3/36 HPs)
             Began as a Deep Elf Hedge Wizard on Mar 5, 2022.
             Slain by Duvessa
             ... wielding a +0 short sword
              (11 damage)
             ... on level 4 of the Dungeon.
             The game lasted 00:18:37 (5166 turns).

raelia the Thaumaturge (Deep Elf Hedge Wizard)      Turns: 5166, Time: 00:18:37

Health: -3/36      AC:  3    Str:  7    XL:     7   Next: 43%
Magic:  2/20       EV: 12    Int: 21    God:
Gold:   142        SH:  0    Dex: 14    Spells: 11/22 levels left

rFire   . . .      SeeInvis +   a - +0 dagger
rCold   . . .      Faith    .   (no shield)
rNeg    . . .      Spirit   .   b - +0 robe
rPois   .          Reflect  .   j - +0 helmet
rElec   .          Harm     .   (no cloak)
rCorr   .          Rampage  .   (no gloves)
Will    .....                   (no boots)
Stlth   ++........              (no amulet)
HPRegen 0.12/turn               p - ring of see invisible
MPRegen 0.17/turn               (no ring)

@: no status effects
A: no striking features
a: no special abilities


You were on level 4 of the Dungeon.
You visited 1 branch of the dungeon, and saw 4 of its levels.

You collected 142 gold pieces.

Inventory:

Hand Weapons
 a - a +0 dagger (weapon)
Armour
 b - a +0 robe (worn)
 c - a +0 hat
 j - a +0 helmet (worn)
Magical Staves
 g - a staff of air
Jewellery
 p - a ring of see invisible (left hand)
Scrolls
 h - a scroll of vulnerability {unknown}
 i - 5 scrolls of identify {unknown}
 k - a scroll of teleportation {unknown}
 l - a scroll of holy word {unknown}
 m - a scroll of immolation {unknown}
 q - a scroll of magic mapping {unknown}
Potions
 d - 2 potions of haste
 e - a potion of lignification {unknown}
 f - a potion of curing {unknown}
 n - a potion of mutation {unknown}
 o - a potion of brilliance {unknown}
 r - a potion of might {unknown}
 s - 2 potions of degeneration {unknown}


   Skills:
 - Level 2.4 Dodging
 - Level 2.4 Stealth
 + Level 8.2 Spellcasting
 - Level 5.0 Conjurations
 - Level 4.0 Summonings
 - Level 1.1 Translocations
 - Level 1.0 Fire Magic
 - Level 1.0 Air Magic
 + Level 1.5 Poison Magic


You had 11 spell levels left.
You knew the following spells:

 Your Spells              Type           Power      Damage    Failure   Level
a - Magic Dart            Conj           100%       1d8       1%          1
b - Call Imp              Summ           25%        N/A       2%          2
c - Mephitic Cloud        Conj/Pois/Air  19%        N/A       9%          3
d - Conjure Flame         Conj/Fire      21%        6-21      7%          3
B - Blink                 Tloc           26%        N/A       8%          2

Your spell library contained the following spells:

 Spells                   Type           Power      Damage    Failure   Level
 Slow                     Hex            32%        N/A       8%          1


Dungeon Overview and Level Annotations

Branches:
Dungeon (4/15)
 Temple: D:4-7

Altars:
Trog

Annotations:
D:3 Grinder
D:4 Duvessa


Message History

Casting: Magic Dart (safe; 1% risk of failure)
Confirm with . or Enter, or press ? or * to list all spells.
Aiming: Magic Dart (safe; 1% risk of failure)
Press: ? - help, Shift-Dir - straight line, f/p - Duvessa
Aim: Duvessa, wielding a +0 short sword and wearing a +0 chain mail (moderately wounded, berserk, confused, 100% to hit)
The magic dart hits Duvessa but does no damage.
Duvessa is moderately wounded.
Duvessa seems less confused.
Casting: Magic Dart (safe; 1% risk of failure)
Confirm with . or Enter, or press ? or * to list all spells.
Aiming: Magic Dart (safe; 1% risk of failure)
Press: ? - help, Shift-Dir - straight line, f/p - Duvessa
Aim: Duvessa, wielding a +0 short sword and wearing a +0 chain mail (moderately wounded, berserk, 100% to hit)
The magic dart hits Duvessa but does no damage.
Duvessa is moderately wounded.
You hit Duvessa but do no damage.
Duvessa is moderately wounded.
Duvessa is engulfed in blazing flames.
Duvessa hits you with a +0 short sword!!
Ouch! That really hurt!
Duvessa is engulfed in blazing flames.
Duvessa hits you with a +0 short sword!
* * * LOW HITPOINT WARNING * * *
Unknown command.
Casting: Magic Dart (safe; 1% risk of failure)
Confirm with . or Enter, or press ? or * to list all spells.
Aiming: Magic Dart (safe; 1% risk of failure)
Press: ? - help, Shift-Dir - straight line, f/p - Duvessa
Aim: Duvessa, wielding a +0 short sword and wearing a +0 chain mail (flame, heavily wounded, berserk, 100% to hit)
The magic dart hits Duvessa but does no damage.
Duvessa is heavily wounded.
Duvessa is engulfed in blazing flames.
Duvessa barely misses you.
Casting: Magic Dart (safe; 1% risk of failure)
Confirm with . or Enter, or press ? or * to list all spells.
Aiming: Magic Dart (safe; 1% risk of failure)
Press: ? - help, Shift-Dir - straight line, f/p - Duvessa
Aim: Duvessa, wielding a +0 short sword and wearing a +0 chain mail (flame, severely wounded, berserk, 100% to hit)
The magic dart hits Duvessa but does no damage.
Duvessa is severely wounded.
Duvessa is engulfed in blazing flames.
Duvessa hits you with a +0 short sword!
You die...

#...####.....## ########## ###§#
###....# #§# ###...## #e#
Kg##....# ## ######†##.$J ##...#
#. ........#$. #...# ###.
#..###l#### # #...############...
. ... .# ##e##..............
...#.#.#. .# #@####.#...####...
.....#.##.##.###.###......# #....
.......<.....##...........# #.##.
.e.....##.#####.##........###.###
#..#.### # #.##....).......#
#..#.# #.##.........##.# #>.#.#
#.####.....#.##.### #..#.### #
#.####....##.##.... .B.#...##.#
#.#.......##.#####.


You could see Duvessa (berserk).

Vanquished Creatures
  Pargi (D:3)
  Dowan (D:4)
  A howler monkey (D:4)
  A hound (D:4)
  2 orc priests
  An iguana (D:4)
  2 orc wizards
  7 adders
  3 worms (D:4)
  9 dart slugs
  9 orcs (D:3)
  4 ball pythons
  6 bats
  3 endoplasms
  4 giant cockroaches
  4 goblins
  6 hobgoblins
  2 quokkas
  2 frilled lizards
  7 kobolds
  7 rats
82 creatures vanquished.

Vanquished Creatures (collateral kills)
  An ogre (D:4)
  An orc priest (D:4)
  2 hounds (D:4)
  An orc wizard (D:3)
  2 worms
  4 orcs
  2 giant cockroaches
  A hobgoblin (D:2)
14 creatures vanquished.

Grand Total: 96 creatures vanquished

Notes
Turn   | Place    | Note
-------+----------+-------------------------------------------
     0 | D:1      | raelia the Deep Elf Hedge Wizard began the quest for the
                  | Orb.
     0 | D:1      | Reached XP level 1. HP: 10/10 MP: 7/7
   478 | D:1      | Reached XP level 2. HP: 15/15 MP: 5/9
   568 | D:1      | Learned a level 2 spell: Blink
   571 | D:1      | Learned a level 2 spell: Call Imp
   674 | D:1      | Reached skill level 5 in Spellcasting
   853 | D:1      | Found a faded altar of an unknown god.
  1158 | D:2      | Reached XP level 3. HP: 19/19 MP: 9/11
  1172 | D:2      | Learned a level 3 spell: Mephitic Cloud
  1176 | D:2      | Learned a level 3 spell: Conjure Flame
  1757 | D:3      | Reached XP level 4. HP: 24/24 MP: 4/13
  1954 | D:3      | Noticed an ice beast
  2097 | D:3      | Noticed Grinder
  2102 | D:3      | Paralysed by Grinder for 4 turns
  2326 | D:3      | Paralysed by Grinder for 2 turns
  2466 | D:2      | Reached XP level 5. HP: 22/28 MP: 6/15
  2888 | D:3      | Reached skill level 6 in Spellcasting
  2888 | D:3      | Reached skill level 1 in Poison Magic
  2913 | D:3      | Reached skill level 1 in Air Magic
  3083 | D:4      | Noticed an ogre
  3091 | D:4      | Killed an ogre
  3092 | D:4      | Reached XP level 6. HP: 32/32 MP: 9/17
  3222 | D:4      | Noticed Dowan
  3223 | D:4      | Noticed Duvessa
  3290 | D:4      | Noticed a moth of wrath
  3919 | D:4      | Noticed Pargi
  4331 | D:3      | Killed Pargi
  4332 | D:3      | Reached skill level 7 in Spellcasting
  4332 | D:3      | Reached XP level 7. HP: 33/36 MP: 8/19
  4417 | D:4      | Killed Dowan
  4418 | D:4      | Reached skill level 5 in Conjurations
  4638 | D:4      | Reached skill level 8 in Spellcasting
  5070 | D:4      | Found a bloodstained altar of Trog.
  5144 | D:4      | Reached skill level 1 in Fire Magic
  5166 | D:4      | Slain by Duvessa

Illustrated notes

Levels and vault maps discovered:
D:1:      lemuel_arrival_cross, layout_basic, hellmonk_ecumenical_altar_run_dry
D:2:      layout_rooms
D:3:      kennysheep_slugbush, layout_rooms, supply_closet_lemuel,
          minmay_misc_feat_tiny, uniq_grinder
D:4:      layout_loops_ring, tgw_trog, mainiacjoe_overflow_alcove_4,
          lightli_corner_chamber, uniq_pargi, uniq_duvessa

Skill      XL: |  1  2  3  4  5  6  7 |
---------------+----------------------+-----
Conjurations   | 2 3 4 5 |  5.0
Spellcasting   | 5 6 7 8 |  8.2
Summonings     | 2 3 4 |  4.0
Poison Magic   | 1 |  1.5
Air Magic      | 1 |  1.0
Fire Magic     | 1 |  1.0
Dodging        | |  2.4
Stealth        | |  2.4
Translocations | |  1.1

Action                   |  1- 3 |  4- 6 |  7- 9 || total
-------------------------+-------+-------+-------++-------
Melee: Dagger            |     6 |    23 |    18 ||    47
       Punch             |       |     1 |     1 ||     2
 Cast: Magic Dart        |   114 |   133 |    44 ||   291
       Call Imp          |     2 |    19 |    10 ||    31
       Mephitic Cloud    |       |     6 |     5 ||    11
       Blink             |       |     1 |       ||     1
       Conjure Flame     |       |       |     1 ||     1
  Use: Potion            |       |       |     1 ||     1
 Stab: Sleeping          |     1 |       |       ||     1
       Confused          |       |     1 |       ||     1
       Distracted        |       |     1 |       ||     1
Armor: Robe              |     2 |     6 |     3 ||    11
Dodge: Dodged            |    18 |    30 |    22 ||    70

Table legend: (Time is in decaauts)
 A = Elapsed time spent in this place.
 B = Non-inter-level travel time spent in this place.
 C = Inter-level travel time spent in this place.
 D = Time resting spent in this place.
 E = Time spent auto-exploring this place.
 F = Levels seen in this place.
 G = Mean time per level.
                   A        B        C        D        E       F      G
               +--------+--------+--------+--------+--------+-----+--------+
         Total |   5184 |   4834 |    350 |   1811 |   1648 |   4 | 1296.0 |
       Dungeon |   5184 |   4834 |    350 |   1811 |   1648 |   4 | 1296.0 |
               +--------+--------+--------+--------+--------+-----+--------+

Top non-repeatable levels by time:
     D:3: 1437 daAuts
     D:4: 1298 daAuts
     D:2: 1269 daAuts
     D:1: 1178 daAuts
